 Dungeon Crawl Stone Soup version 0.26-a0-667-g92642533e4 (webtiles) character file.

Game seed: 409032805074732550

4816 heikuro the Cleaver (level 10, -17/79 HPs)
             Began as a Formicid Abyssal Knight on Oct 17, 2020.
             Was an Elder of Lugonu.
             Demolished by an ogre
             ... wielding a +0 giant spiked club
              (21 damage)
             ... on level 8 of the Dungeon.
             The game lasted 00:20:54 (11554 turns).

heikuro the Cleaver (Formicid Abyssal Knight)      Turns: 11554, Time: 00:20:54

Health: -17/79     AC: 13    Str: 20    XL:     10   Next: 77%
Magic:  15/15      EV:  8    Int: 12    God:    Lugonu [****..]
Gold:   480        SH:  0    Dex: 10    Spells: 9/9 levels left

rFire    . . .     SeeInvis +   a - +0 battleaxe
rCold    . . .     Faith    .   (no shield)
rNeg     . . .     Spirit   .   z - +1 chain mail {MR+}
rPois    +         Reflect  .   (helmet unavailable)
rElec    .         Harm     .   (no cloak)
rCorr    .         Rampage  .   (no gloves)
MR       ++...                  A - +1 pair of boots
Stlth    ..........             s - amulet of the acrobat
HPRegen  0.23/turn              G - ring of protection from fire
MPRegen  0.14/turn              B - ring "Laewnogo" {Wiz rPois rF- Slay+2}

@: mighty
A: permanent stasis, dig shafts and tunnels, four strong arms, antennae 3
a: Dig, Shaft Self, Depart the Abyss, Bend Space, Banish, Corrupt, Renounce
Religion


You were on level 8 of the Dungeon.
You worshipped Lugonu.
Lugonu was greatly pleased with you.
You visited 2 branches of the dungeon, and saw 9 of its levels.
You visited the Abyss 1 time.

You collected 480 gold pieces.

Inventory:

Hand Weapons
 a - a +0 battleaxe (weapon)
 b - a +0 hunting sling
 j - a +2 dagger of venom
 y - a +2 dire flail of holy wrath
Missiles
 c - 76 sling bullets
 l - 7 poisoned darts (quivered)
Armour
 i - a +1 chain mail of fire resistance
 z - a +1 chain mail of magic resistance (worn)
 A - a +1 pair of boots (worn)
Jewellery
 p - an uncursed ring of magical power
 s - an amulet of the acrobat (around neck)
 w - an uncursed ring of flight
 B - the ring "Laewnogo" (right hand) {Wiz rPois rF- Slay+2}
   (You found it on level 5 of the Dungeon)

   [ring of wizardry]

   It improves your spell success rate.
   It affects your accuracy and damage with ranged weapons and melee attacks
   (+2).
   It makes you vulnerable to fire.
   It protects you from poison.
 F - an uncursed ring of poison resistance {unknown}
 G - a ring of protection from fire (left hand)
 H - an uncursed ring of protection from cold {unknown}
Wands
 g - a wand of enslavement (8)
 x - a wand of polymorph (5)
 J - a wand of random effects (15)
Scrolls
 d - 3 scrolls of fog {unknown}
 f - 2 scrolls of fear {unknown}
 k - 4 scrolls of remove curse
 m - a scroll of magic mapping {unknown}
 r - a scroll of amnesia {unknown}
 u - a scroll of noise {unknown}
 v - 2 scrolls of blinking {unknown}
 C - 3 scrolls of enchant armour {unknown}
 D - 2 scrolls of teleportation {unknown}
 E - a scroll of immolation {unknown}
 L - a scroll of vulnerability {unknown}
Potions
 e - 3 potions of lignification
 h - 6 potions of curing
 n - 3 potions of invisibility
 o - a potion of might
 q - 3 potions of brilliance
 t - a potion of mutation
 I - a potion of stabbing
 K - a potion of heal wounds {unknown}


   Skills:
 + Level 7.5 Fighting
 * Level 9.2 Axes
 + Level 6.4 Slings
 + Level 7.0 Armour
 - Level 1.0 Dodging
 + Level 7.6 Invocations


You had 9 spell levels left.
You didn't know any spells.
Your spell library contained the following spells:

 Spells                   Type           Power        Failure   Level
 Corona                   Hex            #......      69%         1
 Slow                     Hex            #.......     82%         2
 Inner Flame              Hex/Fire       #.......     96%         3
 Portal Projectile        Hex/Tloc       #.....       96%         3
 Cause Fear               Hex            #.........   100%        4
 Leda's Liquefaction      Hex/Erth       #.........   100%        4


Dungeon Overview and Level Annotations

Branches:
Dungeon (8/15)             Temple (1/1) D:7            Lair (0/6) D:8

Altars:
Ashenzari
Cheibriados
Dithmenos
Elyvilon
Fedhas
Gozag
Hepliaklqana
Kikubaaqudgha
Nemelex Xobeh
Qazlal
Ru
Sif Muna
Trog
Uskayaw
Vehumet
Wu Jian
Xom
Yredelemnul
Zin
The Shining One

Shops:
D:6 !


Innate Abilities, Weirdness & Mutations

You cannot be hasted, slowed, berserked, paralysed or teleported.
You can dig through walls and to a lower floor.
Your four strong arms can wield two-handed weapons with a shield.
You have a pair of large antennae on your head. (SInv)


Message History

You are too injured to fight recklessly!
You are too injured to fight recklessly!
You are too injured to fight recklessly!
You slice the death yak!!
You kill the death yak!
Lugonu accepts your kill.
Your Armour skill increases to level 7!
You closely miss the kobold. The kobold hits you but does no damage.
The kobold hits you with an uncursed staff of cold.
You closely miss the kobold. The kobold hits you but does no damage.
You slash the kobold!
You kill the kobold!
Lugonu accepts your kill.
The ogre hits you with a +0 giant spiked club!!
* * * LOW HITPOINT WARNING * * *
You hear a bellow!
You slash the ogre!
The ogre is moderately wounded.
The ogre hits you with a +0 giant spiked club!!
You die...

#......!...
#..........##
#...........
#!.........#
#.........#.###
###.........#....
##O#...{.....#....
#@#.....[)........
####.Y..<........#
#####.(........
###....Y.....
#............[
#.##.##.(..... #
#...#.......
..._.......Y.
..#...#.##....


You could see an ogre.

Vanquished Creatures
  3 death yaks
  Sigmund (D:4)
  Edmund (D:3)
  An orc warrior (D:6)
  A sky beast (D:6)
  An ice beast (D:7)
  3 phantoms
  4 ogres
  3 centaurs
  2 big kobolds (D:7)
  Blork the orc (D:5)
  5 bullfrogs
  3 scorpions
  A howler monkey (D:7)
  2 bullfrog zombies (D:7)
  3 orc priests
  A centaur skeleton (D:6)
  A bullfrog skeleton (D:7)
  8 orc wizards
  5 worker ants
  3 hound zombies
  A worker ant zombie (D:7)
  11 adders
  2 shadow imps
  2 ufetubi
  3 oozes
  2 worms
  3 dart slugs
  5 leopard geckos
  29 orcs
  4 giant cockroaches
  5 goblins
  9 hobgoblins
  17 jackals
  5 quokkas
  3 bats
  2 frilled lizards
  16 kobolds
  A leopard gecko zombie (D:6)
  2 quokka skeletons
  2 quokka zombies
  14 rats
191 creatures vanquished.

Vanquished Creatures (others)
  4 plants (D:3)
4 creatures vanquished.

Grand Total: 195 creatures vanquished

Notes
Turn   | Place    | Note
-------+----------+-------------------------------------------
     0 | Abyss:1  | heikuro the Formicid Abyssal Knight began the quest for the
                  | Orb.
     0 | Abyss:1  | Reached XP level 1. HP: 18/18 MP: 2/2
    97 | Abyss:1  | Noticed a small abomination
    98 | D:1      | Escaped the Abyss
   143 | D:1      | Reached skill level 1 in Dodging
   309 | D:1      | Reached XP level 2. HP: 24/24 MP: 3/3
   485 | D:1      | Reached * piety under Lugonu
   704 | D:1      | Reached XP level 3. HP: 29/29 MP: 4/4
  1352 | D:2      | Reached XP level 4. HP: 30/36 MP: 6/6
  1494 | D:2      | Reached skill level 3 in Axes
  1499 | D:2      | Reached skill level 1 in Slings
  1852 | D:2      | Reached ** piety under Lugonu
  2103 | D:2      | Reached XP level 5. HP: 42/42 MP: 7/7
  2818 | D:3      | Found an ornate altar of the Wu Jian Council.
  3632 | D:4      | Noticed an ogre
  3635 | D:3      | Reached XP level 6. HP: 48/48 MP: 8/8
  3724 | D:4      | Reached skill level 4 in Axes
  4005 | D:4      | Killed an ogre
  4257 | D:4      | Reached XP level 7. HP: 47/55 MP: 9/9
  5483 | D:4      | Found a basalt altar of Yredelemnul.
  5495 | D:4      | Noticed Sigmund
  5528 | D:4      | Killed Sigmund
  5528 | D:4      | Reached skill level 5 in Axes
  5994 | D:5      | Entered Level 5 of the Dungeon
  5994 | D:5      | Noticed Edmund
  6118 | D:3      | Killed Edmund
  6118 | D:3      | Reached skill level 5 in Fighting
  6118 | D:3      | Reached XP level 8. HP: 9/62 MP: 11/11
  6740 | D:5      | Got a brightly glowing tin ring
  6742 | D:5      | Identified the ring "Laewnogo" {Wiz rPois rF- Slay+2} (You
                  | found it on level 5 of the Dungeon)
  6768 | D:5      | Found a shimmering altar of Xom.
  6769 | D:5      | Found a hazy altar of Hepliaklqana.
  6770 | D:5      | Noticed a spectral ugly thing
  6825 | D:5      | You fall into a shaft and drop 3 floors!
  6825 | D:8      | Found a staircase to the Lair.
  6826 | D:8      | Noticed a death yak
  6826 | D:8      | Noticed a death yak
  6826 | D:8      | Noticed a death yak
  6829 | D:8      | Noticed a death yak
  6829 | D:8      | Noticed a death yak
  6832 | D:8      | Noticed a death yak
  6833 | D:8      | Noticed a death yak
  6837 | D:8      | Found a glowing golden altar of the Shining One.
  7126 | D:6      | Reached skill level 6 in Axes
  7126 | D:6      | Reached skill level 5 in Invocations
  7392 | D:5      | Reached *** piety under Lugonu
  7464 | D:5      | Got a faintly humming scale mail
  7475 | D:5      | Identified the +0 scale mail "Lomego" {Int+3} (You found it
                  | on level 5 of the Dungeon)
  7488 | D:5      | Noticed Blork the orc
  7501 | D:5      | Killed Blork the orc
  7501 | D:5      | Reached skill level 5 in Armour
  7663 | D:5      | Reached XP level 9. HP: 39/69 MP: 13/13
  8074 | D:6      | Found Xoaseps's Distillery.
  8413 | D:6      | Reached skill level 7 in Axes
  9384 | D:7      | Reached skill level 5 in Slings
  9431 | D:7      | Found a glowing silver altar of Zin.
  9809 | D:7      | Found a white marble altar of Elyvilon.
  9931 | D:7      | Found a staircase to the Ecumenical Temple.
  9943 | Temple   | Entered the Ecumenical Temple
 10021 | D:7      | Reached XP level 10. HP: 75/77 MP: 14/14
 10219 | D:8      | Reached skill level 8 in Axes
 10236 | D:7      | Reached **** piety under Lugonu
 10795 | D:7      | Killed a death yak
 11149 | D:7      | Killed a death yak
 11521 | D:8      | Reached skill level 9 in Axes
 11550 | D:8      | Killed a death yak
 11554 | D:8      | Demolished by an ogre

Illustrated notes

Levels and vault maps discovered:
D:1:      minmay_arrival_solitary_statue, layout_loops_cross
D:2:      minmay_angry_zag, layout_rooms, minmay_rat_gold_closets
D:3:      layout_basic, old_standard_altar, serial_glass, glass_columns_c,
          glass_columns_b, chequers_big_river, minmay_misc_feat_doors
D:4:      layout_cave_pools, kennysheep_mini, uniq_sigmund
D:5:      layout_cave_pools, regret_index_temple_of_mockery,
          corexii_hall_statues_x, uniq_blork_the_orc, uniq_edmund
D:6:      layout_basic, serial_shops, nicolae_shop_statue_plus,
          minmay_liquid_box
D:7:      layout_loops_cross, zin_academy, elyvilon_altar_5,
          minmay_temple_entry_glassed_door, chequers_mini_garden
D:8:      layout_rooms, nicolae_overflow_crystal_walls,
          okawaru_altar_gauntlet_db, dpeg_lair_monsters, grunt_ministairs_3
Temple:   cyrus_circular_temple

Skill      XL: |  1  2  3  4  5  6  7  8  9 10 |
---------------+-------------------------------+-----
Dodging        | 1 |  1.0
Axes           | 3 4 5 6 7 9 |  9.2
Slings         | 1 2 3 4 5 6 |  6.4
Invocations    | 3 4 5 6 7 |  7.6
Armour         | 3 4 5 6 7 |  7.0
Fighting       | 4 5 6 7 |  7.5

Action                   |  1- 3 |  4- 6 |  7- 9 | 10-12 || total
-------------------------+-------+-------+-------+-------++-------
Melee: Hand axe          |   102 |   136 |   126 |       ||   364
       Battleaxe         |       |    20 |   271 |    70 ||   361
       Dagger            |       |       |     5 |       ||     5
 Fire: Hunting sling     |       |       |     9 |       ||     9
Throw: Dart              |       |    28 |    35 |    22 ||    85
Invok: Depart the Abyss  |     1 |       |       |       ||     1
       Bend Space        |       |     2 |    11 |    14 ||    27
 Abil: Dig               |       |       |     1 |     1 ||     2
Evoke: Wand              |       |       |       |     1 ||     1
  Use: Scroll            |       |     8 |     5 |       ||    13
       Potion            |       |       |     1 |     1 ||     2
Armor: Leather armour    |     4 |       |       |       ||     4
       Chain mail        |    37 |    95 |   306 |    71 ||   509
Dodge: Dodged            |    55 |    72 |   205 |    55 ||   387

Table legend: (Time is in decaauts)
 A = Elapsed time spent in this place.
 B = Non-inter-level travel time spent in this place.
 C = Inter-level travel time spent in this place.
 D = Time resting spent in this place.
 E = Time spent auto-exploring this place.
 F = Levels seen in this place.
 G = Mean time per level.
                   A        B        C        D        E       F      G
               +--------+--------+--------+--------+--------+-----+--------+
         Total |  11743 |  11357 |    386 |   4952 |   3933 |  10 | 1174.3 |
       Dungeon |  11593 |  11215 |    378 |   4952 |   3797 |   8 | 1449.1 |
        Temple |     52 |     44 |      8 |      0 |     43 |   1 |   52.0 |
         Abyss |     98 |     98 |      0 |      0 |     93 |   1 |   98.0 |
               +--------+--------+--------+--------+--------+-----+--------+

Top non-repeatable levels by time:
     D:4: 2303 daAuts
     D:7: 2168 daAuts
     D:3: 1762 daAuts
     D:6: 1659 daAuts
     D:1: 1306 daAuts
     D:5: 1144 daAuts
     D:2: 1131 daAuts
     D:8: 116 daAuts
 Abyss:1: 98 daAuts
  Temple: 52 daAuts
